AoeStats
← kooks

Pilgrims

510159798Analyzed
3v3 RM · 4d ago on Sep 29, 2026· 43m 47s· 6 players
Game mode
Random Map
Map size
Normal (6 player)
Population
200
Speed
Normal
Resources
Standard
Victory
Conquest
Starting age
Dark Age
Ending age
Imperial Age
RankedLock teamsTeams togetherTeam positionsShared explorationLock speedFull tech treeHidden civsTurbo modeCheats
Victory
Defeat
🇹🇷 Vikings · Türkiye
791
+14
🇺🇸 Bohemians · United States
732
+16
🇷🇺 Malay · Russia
688
+18
🇻🇳 Khitans · Vietnam
789
-18
🇻🇳 Wu · Vietnam
744
-16
🇻🇳 Chinese · Vietnam
689
-14
applerutz20052001
4:11 Loom
16:47 Feudal Age
22:20 Castle Age
20:11 Double-Bit Axe
22:19 Scale Barding Armor
23:31 Light Cavalry
24:35 Forging
35:11 Bow Saw
34:43 Domestication
40:38 Gold Mining
K o h i m e
10:17 Feudal Age
14:11 Double-Bit Axe
15:30 Horse Collar
21:02 Gold Mining
31:36 Castle Age
35:15 Bow Saw
35:21 Husbandry
37:15 Scale Barding Armor
39:04 Forging
Muscle Boy
15:57 Feudal Age
26:11 Castle Age
24:34 Horse Collar
24:50 Double-Bit Axe
27:34 Padded Archer Armor
27:26 Fletching
27:37 Pikeman
31:19 Scale Mail Armor
36:52 Imperial Age
34:51 Heavy Plow
35:44 Wheelbarrow
41:12 Hand Cart
41:10 Gold Mining
42:07 Leather Archer Armor
41:50 Bodkin Arrow
42:18 Elite Chu Ko Nu
44:15 Chemistry
Boundless316
10:58 Feudal Age
12:14 Wheelbarrow
12:39 Double-Bit Axe
13:41 Horse Collar
20:39 Castle Age
18:57 Fishing Lines
21:42 Hand Cart
21:39 Bow Saw
21:32 Heavy Plow
24:56 Loom
26:09 Gillnets
34:14 Imperial Age
31:34 Town Watch
32:22 Fletching
32:43 Forging
32:57 Husbandry
33:35 Ballistics
34:35 Bodkin Arrow
34:41 Padded Archer Armor
34:42 Scale Mail Armor
35:17 Iron Casting
36:03 Two-Man Saw
36:37 Chemistry
36:15 Caravan
36:51 Coinage
36:41 Leather Archer Armor
37:19 Conscription
38:09 Bracer
38:39 Ring Archer Armor
38:25 Chain Mail Armor
38:24 Siege Engineers
39:06 Fervor
39:33 Wagenburg Tactics
39:13 Pikeman
39:54 Squires
39:40 Arson
40:53 Masonry
40:55 Fortified Wall
40:42 Murder Holes
40:42 Halberdier
42:55 Plate Mail Armor
43:26 Blast Furnace
42:33 Scale Barding Armor
42:46 Houfnice
RESPECT
4:43 Loom
11:15 Feudal Age
14:36 Man-at-Arms
16:20 Wheelbarrow
15:50 Double-Bit Axe
18:02 Town Watch
18:02 Horse Collar
24:07 Castle Age
23:36 Fletching
23:47 Padded Archer Armor
23:12 Crossbowman
23:58 Thumb Ring
24:16 Pikeman
25:16 Bow Saw
42:49 Bodkin Arrow
43:09 Leather Archer Armor
43:14 Gold Mining
kooks
4:51 Loom
14:13 Feudal Age
23:16 Castle Age
21:03 Double-Bit Axe
23:28 Horse Collar
24:26 Bow Saw
24:11 Pikeman
27:26 Crossbowman
29:59 Fletching
30:10 Padded Archer Armor
32:42 Padded Archer Armor
32:38 Bodkin Arrow
32:54 Forging
34:02 Town Watch
38:27 Imperial Age
36:59 Iron Casting
36:24 Scale Mail Armor
36:40 Leather Archer Armor
37:20 Gold Mining
38:38 Chain Mail Armor
38:52 Ballistics
40:31 Blast Furnace
40:39 Chemistry
40:20 Conscription
39:24 Elite Berserk
39:36 Arbalester
42:08 Bracer
42:39 Ring Archer Armor
Connection lost

Rejoining the realm…

Still unreachable

The connection could not be restored.

Session expired

The server has moved on; the page needs a fresh start.